 Dungeon Crawl Stone Soup version 0.16-a0-2622-gbfab2ba (webtiles) character file.

613 PolkaDot the Caller (level 7, -1/55 HPs)
             Began as a Vampire Summoner on Nov 22, 2014.
             Slain by an ogre
             ... wielding a +0 giant spiked club
              (21 damage)
             ... on level 5 of the Dungeon.
             The game lasted 00:19:37 (4851 turns).

PolkaDot the Caller (Vampire Summoner)              Turns: 4851, Time: 00:19:37

Health: -1/55      AC:  5    Str:  7    XL:     7   Next: 20%
Magic:  9/12       EV: 10    Int: 21    God:
Gold:   188        SH:  0    Dex: 14    Spells: 4 memorised, 0 levels left

rFire  + . .     SeeInvis +     s - +0 dagger (elec)
rCold  . . .     Rnd*Rage +     v - +0 leather armour (curse)
rNeg   . . .     SustAb   .     (no shield)
rPois  .         Gourm    .     (helmet restricted)
rElec  .         Spirit   .     (no cloak)
rCorr  .         Warding  .     e - +0 pair of gloves
rMut   .         Stasis   .     m - +0 pair of boots
MR     .....                    (no amulet)
Stlth  ++........               p - ring of protection from fire
                                f - ring of wizardry

@: regenerating quickly, not resistant to hostile enchantments, unstealthy
A: bottle blood, fangs 3, horns 1, see invisible, berserk 1, clever 1,
unbreathing
a: no special abilities


You were on level 5 of the Dungeon.
You were very full.

You visited 1 branch of the dungeon, and saw 5 of its levels.

You collected 333 gold pieces.
You spent 145 gold pieces at shops.

Inventory:

Hand weapons
 s - a +0 dagger of electrocution (weapon)
Armour
 e - a +0 pair of gloves (worn)
 k - a +2 robe of positive energy
 m - a +0 pair of boots (worn)
 v - a cursed +0 leather armour (worn)
Jewellery
 f - a ring of wizardry (left hand)
 p - a ring of protection from fire (right hand)
Magical devices
 h - a wand of disintegration (13)
 i - a wand of random effects (26)
Scrolls
 c - 3 scrolls of teleportation
 d - a scroll of fear
 g - a scroll of magic mapping
 j - a scroll of immolation {unknown}
 l - 2 scrolls of amnesia
 n - a scroll of identify
 o - 2 scrolls of blinking
 u - a scroll of recharging
Potions
 a - a potion of haste
 q - a potion of curing
Books
 b - a book of Callings

   Spells                             Type                      Level
   Summon Small Mammal                Summoning                    1
   *Call Imp                          Summoning                    2
   *Call Canine Familiar              Summoning                    3
   Summon Guardian Golem              Hexes/Summoning              4
   Summon Lightning Spire             Summoning/Air                4
   *Summon Ice Beast                  Ice/Summoning                4


   Skills:
 * Level 4.7 Fighting
 - Level 2.1 Dodging
 - Level 3.0 Stealth
 - Level 2.0 Spellcasting
 + Level 6.9 Summonings


You couldn't memorise any spells.
You knew the following spells:

 Your Spells              Type           Power        Failure   Level  Hunger
d - Call Canine Familiar  Summ           ####....     1%          3    ###....
i - Summon Ice Beast      Ice/Summ       ###.....     17%         4    #####..
s - Call Imp              Summ           ####....     1%          2    ##.....
A - Apportation           Tloc           #.........   6%          1    #......


Dungeon Overview and Level Annotations

Branches:
Dungeon (5/15)
 Temple: D:4-7

Altars:
Cheibriados
Gozag
Nemelex Xobeh
Xom

Shops:
D:4 [


Innate Abilities, Weirdness & Mutations

Your natural rate of healing is unusually fast.
You can bottle blood from corpses.
You have razor-sharp teeth.
You have supernaturally acute eyesight.
You can survive without breathing.
You have a pair of small horns on your head.
You tend to lose your temper in combat.
Your mind is acute. (Int +2)


Message History

The ogre is lightly wounded.
The ogre hits you with a giant spiked club!!
You hit the ogre. You bite the ogre.
The ogre is moderately wounded.
The ogre barely misses you.
You hit the ogre. You headbutt the ogre.
The ogre is heavily wounded.
You hit the ogre.
The ogre is severely wounded.
The ogre barely misses you.
You barely miss the ogre.
The ogre is severely wounded.
The ogre hits you with a giant spiked club!!
* * * LOW HITPOINT WARNING * * *
You hit the ogre.
The ogre is severely wounded.
Casting: Call Canine Familiar
Confirm with . or Enter, or press ? or * to list all spells.
The ogre hits you with a giant spiked club!!
You die...

#........................
#...###..#............#..
#......##......>.......
######...#.............. ##.
#.#..##.......##(.. #...
#.##.....#...#####. #?..#
#.###........# #.
#....##h#>....##...# #.
#......O@.##..##...######
#........###..###.....##.
##...##.........#...#.... #.<#
#.##............... #########.##
#.##......##...#... #..........#
#.##.<....##......# #..........#
#.######......#....
#..........###.######........##.
#...................#........##.


You could see an ogre and a friendly hound.

Vanquished Creatures
  The ghost of nht the Cudgeler, an average OgBe of Trog (D:3)
  An orc priest (D:3)
  A giant frog skeleton (D:5)
  2 orc wizards (D:5)
  A worker ant zombie (D:5)
  3 adders
  2 worms
  An adder skeleton (D:4)
  2 giant geckos (D:4)
  An ooze (D:5)
  4 orcs
  2 giant cockroaches
  4 goblins
  5 hobgoblins
  10 jackals
  A quokka (D:5)
  2 ball pythons
  12 bats
  4 giant newts
  7 kobolds
  11 rats
  A butterfly (D:2)
78 creatures vanquished.

Vanquished Creatures (collateral kills)
  The ghost of nht the Cleaver, an average MiBe of Trog (D:4)
  Sigmund (D:2)
  2 orc priests
  A hound (D:4)
  3 orc wizards
  A worker ant (D:4)
  2 adders
  4 worms
  An adder skeleton (D:4)
  An ooze (D:4)
  13 orcs
  2 bats (D:4)
  2 giant cockroaches
  2 hobgoblins (D:3)
  A jackal (D:3)
  3 kobolds
  3 quokkas
  A giant gecko (D:5)
  A goblin (D:5)
  2 rats
47 creatures vanquished.

Vanquished Creatures (others)
  2 crimson imps
  3 hounds
  An iron imp (D:3)
  2 shadow imps (D:2)
  A white imp (D:4)
  2 bats
  2 butterflies (D:5)
13 creatures vanquished.

Grand Total: 138 creatures vanquished

Notes
Turn   | Place    | Note
--------------------------------------------------------------
     0 | D:1      | PolkaDot, the Vampire Summoner, began the quest for the Orb.
     0 | D:1      | Reached XP level 1. HP: 13/13 MP: 3/3
   766 | D:1      | Reached XP level 2. HP: 19/19 MP: 4/4
   774 | D:1      | Learned a level 2 spell: Call Imp
   830 | D:2      | Noticed Sigmund
  1229 | D:2      | Reached skill level 5 in Summonings
  1229 | D:2      | Reached XP level 3. HP: 12/24 MP: 6/6
  1461 | D:2      | Found a snail-covered altar of Cheibriados.
  1462 | D:2      | Killed Sigmund
  1479 | D:2      | Learned a level 3 spell: Call Canine Familiar
  1611 | D:2      | Reached XP level 4. HP: 16/30 MP: 1/7
  1689 | D:2      | Found a sparkling altar of Nemelex Xobeh.
  1969 | D:2      | Found a shimmering altar of Xom.
  2488 | D:3      | Noticed nht's ghost (average OgBe)
  2503 | D:3      | Killed nht's ghost
  2503 | D:3      | Reached skill level 6 in Summonings
  2503 | D:3      | Reached XP level 5. HP: 29/38 MP: 2/9
  2683 | D:3      | Found an opulent altar of Gozag.
  3100 | D:3      | Gained mutation: Your mind is acute. (Int +2) [potion of mutation]
  3100 | D:3      | Gained mutation: You have a pair of small horns on your head. [potion of mutation]
  3100 | D:3      | Gained mutation: You tend to lose your temper in combat. [potion of mutation]
  3105 | D:3      | Reached XP level 6. HP: 38/47 MP: 2/10
  3293 | D:4      | Found Idwaivim's Antique Armour Boutique.
  3310 | D:4      | Learned a level 1 spell: Apportation
  3313 | D:4      | Bought an embroidered robe for 19 gold pieces
  3313 | D:4      | Bought a pair of boots for 126 gold pieces
  3813 | D:4      | Noticed nht's ghost (average MiBe)
  3828 | D:4      | Killed nht's ghost
  4131 | D:5      | Entered Level 5 of the Dungeon
  4275 | D:5      | Reached XP level 7. HP: 48/55 MP: 8/12
  4723 | D:5      | Learned a level 4 spell: Summon Ice Beast
  4851 | D:5      | Slain by an ogre

Action                   |  1- 3 |  4- 6 |  7- 9 || total
-------------------------+-------+-------+-------++-------
Melee: Unarmed           |    48 |       |       ||    48
       Dagger            |    65 |   264 |    70 ||   399
 Cast: Summon Small Mamm |     7 |     3 |       ||    10
       Call Imp          |    12 |    18 |       ||    30
       Call Canine Famil |     1 |    13 |     2 ||    16
  Use: Potion            |     1 |     4 |       ||     5
       Scroll            |       |     6 |     4 ||    10
 Stab: Sleeping          |     2 |     1 |       ||     3
       Distracted        |     2 |     1 |     1 ||     4
  Eat: Corpse            |    11 |    26 |     7 ||    44
